 Dungeon Crawl Stone Soup version 0.25-a0-523-g9afb2ee040 (webtiles) character file.

Game seed: 1642136748726808399, levelgen mode: deterministic

15756 Flugslaktarn the Cleaver (level 12, -9/111 HPs)
             Began as a Deep Dwarf Fighter on Feb 18, 2020.
             Was a High Priest of Makhleb.
             Mangled by an ettin
             ... wielding a +0 dire flail
              (23 damage)
             ... on level 12 of the Dungeon.
             The game lasted 00:06:39 (6985 turns).

Flugslaktarn the Cleaver (Deep Dwarf Fighter)       Turns: 6985, Time: 00:06:39

Health: -9/111     AC: 26    Str: 24    XL:     12   Next: 4%
Magic:  18/18 (9)  EV:  7    Int: 10    God:    Makhleb [*****.]
Gold:   523        SH: 12    Dex: 12    Spells: 11/11 levels left

rFire    + . .     SeeInvis .   d - +7 broad axe (protect)
rCold    + . .     Gourm    .   c - +0 kite shield
rNeg     . . .     Faith    .   u - +0 chain mail (curse)
rPois    +         Spirit   .   a - +1 helmet
rElec    .         Reflect  .   v - +1 cloak (curse)
rCorr    .         Harm     .   n - +2 pair of gloves
MR       +....                  (no boots)
Stlth    ..........             (no amulet)
HPRegen  0.00/turn              o - ring "Pysigiot" {rPois rF+ rC+ MP+9}
MPRegen  0.16/turn              x - ring of attention (curse)

@: protection aura, non-regenerating
A: damage resistance, heal wounds, sense surroundings 2, no regeneration
a: Heal Wounds, Minor Destruction, Lesser Servant of Makhleb, Major Destruction,
Greater Servant of Makhleb, Renounce Religion


You were on level 12 of the Dungeon.
You worshipped Makhleb.
Makhleb was extremely pleased with you.
You were not hungry.

You visited 2 branches of the dungeon, and saw 13 of its levels.
You also visited: Bailey.

You collected 778 gold pieces.
You spent 255 gold pieces at shops.

Inventory:

Hand Weapons
 d - a +7 broad axe of protection (weapon)
   (You acquired it in a bailey)
 D - a +0 hand axe of venom
   (You found it on level 9 of the Dungeon)
Armour
 a - a +1 helmet (worn)
   (You found it on level 9 of the Dungeon)
 b - a +0 scale mail
 c - a +0 kite shield (worn)
 l - a +1 cloak
   (You bought it in a shop on level 9 of the Dungeon)
 n - a +2 pair of gloves (worn)
   (You found it on level 4 of the Dungeon)
 p - a +0 cloak
   (You found it on level 5 of the Dungeon)
 u - a cursed +0 chain mail (worn)
   (You found it on level 5 of the Dungeon)
 v - a cursed +1 cloak (worn)
   (You found it on level 5 of the Dungeon)
Jewellery
 k - a +3 ring of strength {unknown}
   (You found it in a bailey)
 m - an uncursed ring of protection from magic
   (You found it on level 7 of the Dungeon)
 o - the ring "Pysigiot" (left hand) {rPois rF+ rC+ MP+9}
   (You found it on level 4 of the Dungeon)

   [ring of poison resistance]

   It protects you from fire.
   It protects you from cold.
   It protects you from poison.
   It affects your magic capacity (+9).
 x - a cursed ring of attention (right hand)
   (You found it on level 5 of the Dungeon)
 y - an uncursed ring of protection from fire {unknown}
   (You found it on level 8 of the Dungeon)
 M - an uncursed ring of wizardry {unknown}
   (You found it on level 12 of the Dungeon)
Wands
 i - a wand of scattershot (5)
   (You found it on level 5 of the Dungeon)
Scrolls
 r - 2 scrolls of identify
 s - a scroll of magic mapping
 t - a scroll of teleportation
 z - 2 scrolls of blinking
 E - 2 scrolls of remove curse {unknown}
 F - a scroll of torment {unknown}
 G - a scroll of enchant armour
 I - a scroll of brand weapon
 K - a scroll of fear {unknown}
Potions
 f - a potion of cancellation
 g - 2 potions of stabbing
 h - 2 potions of flight
 j - 3 potions of brilliance
 q - 5 potions of curing
 w - 4 potions of heal wounds
 A - a potion of invisibility
 B - 2 potions of haste {unknown}
 H - a potion of experience {unknown}
 J - a potion of lignification {unknown}
 L - a potion of berserk rage {unknown}
Comestibles
 e - 18 rations
 C - 5 chunks of flesh


   Skills:
 + Level 8.2 Fighting
 * Level 12.8 Axes
 + Level 9.8 Armour
 + Level 9.8 Shields
 + Level 8.4 Invocations


You had 11 spell levels left.
You didn't know any spells.
Your spell library was empty.

Dungeon Overview and Level Annotations

Branches:
Dungeon (12/15)            Temple (1/1) D:4            Lair (0/6) D:10
    Orc (0/2) D:9          Bailey (visited)

Altars:
Ashenzari
Cheibriados
Dithmenos
Fedhas
Gozag
Hepliaklqana
Makhleb
Nemelex Xobeh
Qazlal
Ru
Sif Muna
Trog
Uskayaw
Vehumet
Wu Jian
Xom
Yredelemnul
Zin
The Shining One
Beogh
Lugonu

Shops:
D:7 (   D:9 [[   D:11 :}

Annotations:
D:10 1 runed translucent door, 2 transporters, Flugslaktarn's ghost, novice DDFi


Innate Abilities, Weirdness & Mutations

You are resistant to damage.
You can heal yourself by infusing magical energy.
You passively map the area around you.
You do not regenerate.


Message History

You block the komodo dragon's attack.
The ettin hits you with a +0 dire flail!!
The ettin closely misses you.
You hit the komodo dragon.
The komodo dragon is severely wounded.
You closely miss the vampire. You slice the ettin!!
The vampire hits you but does no damage.
The vampire bites you but does no damage.
The komodo dragon bites you! The ettin barely misses you.
You block the ettin's attack.
You slice the komodo dragon!!
You kill the komodo dragon!
Makhleb accepts your kill.
You feel better.
You slice the ettin!! You slash the vampire!
The vampire is infused with unholy energy.
The vampire draws life force from you and is healed!
The ettin hits you with a +0 dire flail!!
* * * LOW HITPOINT WARNING * * *
The ettin hits you with a +0 dire flail!!
You die...

......# #............... ,
......#, #............... , <
......# , #............... , ,
....).# ,#............... , ,
############............... , ,
...........#..............., ,
.....###...#..............., ,
...###.###.................,
..##.ClC.##.....@.......... , ,
.##....C..##...V†C..#############
.#...###..T#.WcC....#....#......#
##..##=##..##Q......#....#......'
#...'=:[#...'.......#....#......#
##..##[##..##.......#....#......#
.#...###...#..########'########'#
.##.......##.#..........#........
..##...C.##..#..........#........


You could see a yaktaur captain, an ettin, a tengu warrior, a cyclops, a
phantasmal warrior, a deep troll earth mage and a vampire.

Vanquished Creatures
  An orc warlord (Bailey)
  Harold (D:8)
  2 two-headed ogres
  Pikel (D:4)
  An orc knight (Bailey)
  An ugly thing (D:12)
  A gargoyle (D:11)
  An elephant (D:10)
  A kobold demonologist (D:11)
  A komodo dragon (D:12)
  A hornet (D:10)
  A troll (D:10)
  A slime creature (D:6)
  A hippogriff (D:10)
  A wyvern (D:10)
  9 yaks
  A basilisk (D:10)
  2 hungry ghosts
  10 orc warriors
  2 ice beasts
  4 slaves (D:4)
  2 black bears
  2 ogres
  4 sky beasts
  7 phantoms
  3 centaurs
  2 crocodiles (D:10)
  Blork the orc (D:4)
  3 big kobolds
  6 bullfrogs
  A wyvern skeleton (D:12)
  2 scorpions
  18 killer bees
  3 wights (D:7)
  7 crimson imps
  4 howler monkeys
  3 centaur zombies
  9 hounds
  A quasit (D:10)
  A bullfrog zombie (D:8)
  11 jellies
  4 orc wizards
  4 orc priests
  2 bullfrog skeletons
  5 centaur skeletons
  3 iguanas
  8 worker ants
  A hound zombie (D:9)
  5 hound skeletons
  A worker ant zombie (D:5)
  Robin (D:4)
  5 gnolls
  A howler monkey skeleton (D:4)
  17 adders
  4 shadow imps
  17 oozes
  An adder zombie (D:5)
  3 worms
  A dart slug (D:1)
  4 leopard geckos
  52 orcs
  A ball python (D:4)
  6 hobgoblins
  15 jackals
  4 quokkas
  2 bats
  2 frilled lizards (D:5)
  15 goblins
  2 goblin zombies (D:4)
  2 hobgoblin zombies (D:4)
  A jackal skeleton (D:8)
  21 kobolds
  An orc skeleton (D:4)
  An orc zombie (D:4)
  2 quokka skeletons
  2 quokka zombies
  4 rats
354 creatures vanquished.

Vanquished Creatures (others)
  4 fungi (D:6)
4 creatures vanquished.

Grand Total: 358 creatures vanquished

Notes
Turn   | Place    | Note
-------+----------+-------------------------------------------
     0 | D:1      | Flugslaktarn the Deep Dwarf Fighter began the quest for the
                  | Orb.
     0 | D:1      | Reached XP level 1. HP: 20/20 MP: 1/1
   155 | D:2      | Reached XP level 2. HP: 22/27 MP: 2/2
   221 | D:3      | Found an opulent altar of Gozag.
   224 | D:3      | Reached skill level 3 in Axes
   227 | D:3      | Reached XP level 3. HP: 31/33 MP: 3/3
   334 | D:4      | Noticed Blork the orc
   343 | D:4      | Noticed Robin
   346 | D:4      | Reached XP level 4. HP: 20/42 MP: 4/4
   349 | D:4      | Found a staircase to the Ecumenical Temple.
   378 | Temple   | Entered the Ecumenical Temple
   441 | D:4      | Killed Robin
   460 | D:4      | Noticed Pikel
   460 | D:4      | Noticed a slave
   460 | D:4      | Noticed a slave
   461 | D:4      | Noticed a slave
   462 | D:4      | Noticed a slave
   475 | D:4      | Killed a slave
   485 | D:4      | Killed a slave
   497 | D:4      | Killed a slave
   506 | D:4      | Killed a slave
   514 | D:4      | Killed Pikel
   514 | D:4      | Reached skill level 5 in Axes
   514 | D:4      | Reached XP level 5. HP: 18/50 MP: 4/4
   514 | D:4      | Reached XP level 6. HP: 20/57 MP: 5/5
   514 | D:4      | Reached XP level 7. HP: 23/64 MP: 6/6
   540 | D:4      | Reached skill level 5 in Armour
   540 | D:4      | Reached skill level 5 in Shields
   559 | D:4      | Killed Blork the orc
   559 | D:4      | Reached skill level 6 in Axes
   602 | D:4      | Got a warped gossamer ring
   732 | D:4      | Found a glowing golden altar of the Shining One.
   961 | D:5      | Entered Level 5 of the Dungeon
  1023 | D:5      | Found a basalt altar of Yredelemnul.
  1509 | D:5      | Reached XP level 8. HP: 43/73 MP: 5/5
  1698 | D:5      | Reached skill level 7 in Axes
  1833 | D:5      | Reached skill level 5 in Fighting
  2259 | D:6      | Reached skill level 8 in Axes
  2332 | D:6      | Gained mutation: You passively map the area around you.
                  | [Deep Dwarf growth]
  2332 | D:6      | Reached XP level 9. HP: 56/81 MP: 5/5
  2381 | D:6      | Found a shimmering altar of Xom.
  2384 | D:6      | Found a shimmering altar of Xom.
  2399 | D:6      | Found a shimmering altar of Xom.
  2402 | D:6      | Found a shimmering altar of Xom.
  2403 | D:6      | Found a shimmering altar of Xom.
  2452 | D:6      | Found a burning altar of Makhleb.
  2452 | D:6      | Found a stormy altar of Qazlal.
  2464 | D:6      | Became a worshipper of Makhleb the Destroyer
  2531 | D:6      | Found a shadowy altar of Dithmenos.
  2556 | D:6      | Found a sparkling altar of Nemelex Xobeh.
  2662 | D:6      | Reached skill level 1 in Invocations
  2766 | D:6      | Reached skill level 9 in Axes
  2892 | D:7      | Found a hazy altar of Hepliaklqana.
  3061 | D:7      | Found a shattered altar of Ashenzari.
  3062 | D:7      | Identified the ring "Pysigiot" {rPois rF+ rC+ MP+9} (You
                  | found it on level 4 of the Dungeon)
  3121 | D:7      | Reached * piety under Makhleb
  3225 | D:7      | Found Hiceku Lyw's Antique Weapon Shop.
  4057 | D:8      | Reached XP level 10. HP: 78/92 MP: 5/5
  4081 | D:8      | Noticed Harold
  4092 | D:8      | Reached skill level 10 in Axes
  4102 | D:8      | Killed Harold
  4242 | D:8      | Reached ** piety under Makhleb
  4315 | D:8      | Found a snail-covered altar of Cheibriados.
  4392 | D:8      | Found a radiant altar of Vehumet.
  4467 | D:9      | Found a flagged portal.
  4491 | Bailey   | Entered a bailey
  4497 | Bailey   | Noticed an orc warlord
  4498 | Bailey   | Found the +7 lajatang of Order {silver, rMut}
  4538 | Bailey   | Noticed an orc knight
  4571 | Bailey   | Killed an orc knight
  4571 | Bailey   | Reached skill level 5 in Invocations
  4587 | Bailey   | Found a runed translucent gate.
  4588 | Bailey   | Found a runed translucent gate.
  4589 | Bailey   | Found a runed translucent gate.
  4701 | Bailey   | Killed an orc warlord
  4701 | Bailey   | Reached skill level 11 in Axes
  4716 | Bailey   | Identified a scroll of acquirement
  4745 | D:9      | Found Yjimoux's Armour Shop.
  4908 | D:9      | Reached XP level 11. HP: 100/100 MP: 6/6
  4952 | D:9      | Found Poteocoh's Antique Armour Emporium.
  4984 | D:9      | Bought a glowing cloak for 255 gold pieces
  5002 | D:9      | Reached *** piety under Makhleb
  5042 | D:9      | Found a sacrificial altar of Ru.
  5334 | D:9      | Found a roughly hewn altar of Beogh.
  5334 | D:9      | Found a staircase to the Orcish Mines.
  5439 | D:9      | Noticed a two-headed ogre
  5450 | D:9      | Killed a two-headed ogre
  5531 | D:10     | Entered Level 10 of the Dungeon
  5531 | D:10     | Noticed a two-headed ogre
  5535 | D:10     | Killed a two-headed ogre
  5549 | D:10     | Found a runed translucent door.
  5611 | D:10     | Reached skill level 12 in Axes
  5619 | D:10     | Found a staircase to the Lair.
  5637 | D:10     | Reached **** piety under Makhleb
  5874 | D:10     | Found a transporter.
  5904 | D:10     | Found a transporter.
  6028 | D:10     | Noticed Flugslaktarn's ghost (novice DDFi)
  6346 | D:11     | Reached ***** piety under Makhleb
  6476 | D:11     | Found Taulenos's Book Boutique.
  6495 | D:11     | Found Sikh's Gadget Shop.
  6796 | D:12     | Noticed a tengu warrior
  6799 | D:12     | Noticed a deep troll earth mage
  6799 | D:12     | Noticed a yaktaur captain
  6813 | D:12     | Noticed an ettin
  6813 | D:12     | Noticed a phantasmal warrior
  6828 | D:12     | Noticed a purple ugly thing
  6841 | D:12     | Killed a purple ugly thing
  6841 | D:12     | Reached XP level 12. HP: 110/110 MP: 9/9
  6985 | D:12     | Mangled by an ettin

Levels and vault maps discovered:
D:1:      sevenhm_arrival_forest_fort_small_3, layout_basic,
          chequers_hall_statues_y
D:2:      layout_rooms, first_ration, kennysheep_pointless_box
D:3:      layout_rooms, elyvilon_altar_5, nicolae_gozag_seed_capital,
          okawaru_trees_2
D:4:      layout_rooms, nicolae_tso_besieged_by_evil,
          minmay_temple_entry_statues_pillars, lightli_corner_chamber,
          uniq_blork_the_orc, uniq_robin, uniq_pikel
D:5:      layout_gridville, lemuel_doored_altar, serial_undead, serial_undead_b,
          serial_undead_e, serial_undead_d, serial_undead_f,
          minmay_joined_circles
D:6:      lemuel_slime, layout_rooms, grunt_dithmenos_shadows, xom_redecorated,
          lemuel_zombie_altar_kikubaaqudgha, nemelex_altar_shiori,
          gammafunk_temple_overflow_pools
D:7:      layout_basic, ashenzari_conservatory_becter, kennysheep_little_box,
          serial_shops, nicolae_shop_overgrown_old_shop
D:8:      layout_cave_pools, cheibrodos_worm_habitat, vehumet_crystals,
          hangedman_little_slice_of_home, kennysheep_generic_room_12,
          uniq_harold
D:9:      layout_gridville, nicolae_ru_awakened_eye, david_orc_5, serial_shops,
          shop, shop, enter_bailey_2
D:10:     gammafunk_cloud_chamber, layout_rooms, david_lair_generic,
          ebering_ghost_reflecting_pool
D:11:     layout_gridville, serial_shops, nicolae_shop_statue_plus, shop_statue
D:12:     layout_grid_maze, minmay_tree_intersection,
          minmay_checkered_concentric_circles
Temple:   corrupted_temple

Skill      XL: |  1  2  3  4  5  6  7  8  9 10 11 |
---------------+----------------------------------+-----
Axes           | 3 5 6 8 9 11 12 | 12.8
Fighting       | 3 4 5 6 7 8 |  8.2
Armour         | 4 5 6 7 8 9 |  9.8
Shields        | 4 5 6 7 8 9 |  9.8
Invocations    | 3 6 8 |  8.4

Action                   |  1- 3 |  4- 6 |  7- 9 | 10-12 || total
-------------------------+-------+-------+-------+-------++-------
Melee: War axe           |    65 |    70 |   645 |   151 ||   931
       Broad axe         |       |       |       |   351 ||   351
 Abil: Heal Wounds       |     2 |     4 |    19 |     8 ||    33
  Use: Scroll            |       |       |     9 |    11 ||    20
       Potion            |       |       |       |     1 ||     1
  Eat: Chunk             |       |       |     9 |    12 ||    21
       Ration            |       |       |     2 |     1 ||     3
Armor: Scale mail        |    44 |    51 |    54 |       ||   149
       Chain mail        |       |       |   286 |   301 ||   587
Dodge: Dodged            |    36 |    30 |   166 |   141 ||   373
Block: Kite shield       |    39 |    64 |   396 |   320 ||   819

Table legend:
 A = Non-vault XP
 B = Vault XP
 C = Vault XP percentage of total XP
 D = Non-vault monster count
 E = Vault monster count
 F = Vault count percentage of total count
                 A         B        C        D         E       F
            +---------+---------+-------+---------+---------+-------
      Total |   14153 |    8356 |  37.1 |     228 |     122 |  34.9
            +---------+---------+-------+---------+---------+-------
        D:1 |       6 |       0 |   0.0 |       3 |       0 |   0.0
        D:2 |      19 |       0 |   0.0 |       8 |       0 |   0.0
        D:3 |      24 |       0 |   0.0 |      14 |       0 |   0.0
        D:4 |     282 |     831 |  74.7 |      22 |      22 |  50.0
        D:5 |     335 |     828 |  71.2 |      22 |      23 |  51.1
        D:6 |     654 |     768 |  54.0 |       9 |      20 |  69.0
        D:7 |    1191 |       0 |   0.0 |      19 |       0 |   0.0
        D:8 |     756 |    1177 |  60.9 |      16 |      10 |  38.5
        D:9 |    2762 |     795 |  22.4 |      33 |      22 |  40.0
       D:10 |    3516 |     922 |  20.8 |      39 |       4 |   9.3
       D:11 |    2727 |       0 |   0.0 |      33 |       0 |   0.0
       D:12 |    1881 |     355 |  15.9 |      10 |       1 |   9.1
     Bailey |       0 |    2680 | 100.0 |       0 |      20 | 100.0
            +---------+---------+-------+---------+---------+-------
